 Dungeon Crawl Stone Soup version 0.15-a0-1646-g393eda0 (webtiles) character file.

76 eMajole the Skirmisher (level 4, -14/41 HPs)
             Began as a Minotaur Fighter on June 22, 2014.
             Splashed by an oklob plant's acid (24 damage)
             ... created by the enmity of Fedhas Madash
             ... on Level 3 of the Dungeon.
             The game lasted 00:20:58 (1834 turns).

eMajole the Skirmisher (Minotaur Fighter)           Turns: 1834, Time: 00:21:00

HP -14/41        AC  7     Str 22      XL: 4   Next: 12%
MP   0/2         EV  7     Int  5      God:
Gold 87          SH  0     Dex  9      Spells:  0 memorised,  3 levels left

rFire  . . .     SeeInvis .     a - +0 flail
rCold  . . .     Clarity  .     b - +0 scale mail
rNeg   . . .     rCorr    .     c - +0 shield
rPois  +         rRot     .     (helmet restricted)
rElec  .         Spirit   +     (no cloak)
SustAb .         Warding  .     (no gloves)
rMut   .         Stasis   .     (no boots)
Gourm  .                        j - amulet of guardian spirit
MR     .....                    (no ring)
                                g - ring of poison resistance

@: confused, not resistant to hostile enchantments, extremely unstealthy
A: retaliatory headbutt, horns 2
a: no special abilities


You were on level 3 of the Dungeon.
You were very hungry.

You visited 1 branch of the dungeon, and saw 3 of its levels.

You collected 87 gold pieces.

Inventory:

Hand weapons
 a - a +0 flail (weapon)
Armour
 b - a +0 scale mail (worn)
 c - a +0 shield (worn)
 k - a +2 pair of gloves
Comestibles
 d - 2 bread rations
 o - a slice of pizza
 u - a royal jelly
Scrolls
 f - 2 scrolls of remove curse {unknown}
 i - 2 scrolls of teleportation {unknown}
 m - a scroll of blinking {unknown}
 p - a scroll of enchant armour {unknown}
 q - a scroll of fog {unknown}
 s - a scroll of enchant weapon {unknown}
 t - 2 scrolls of identify {unknown}
Jewellery
 g - a ring of poison resistance (left hand)
 j - an amulet of guardian spirit (around neck)
Potions
 e - a potion of might
 h - 2 potions of paralysis {unknown}
 l - 2 potions of heal wounds {unknown}
 n - 2 potions of curing {unknown}
 r - a potion of degeneration {unknown}
 w - a potion of berserk rage {unknown}
Books
 v - a book of Transfigurations

   Spells                             Type                      Level
   Stoneskin                          Transmutation/Earth          2
   Ice Form                           Ice/Transmutation            4
   Statue Form                        Transmutation/Earth          6
   Dragon Form                        Transmutation                7


   Skills:
 + Level 4.4 Fighting
 + Level 2.8 Maces & Flails
 + Level 4.2 Armour
 + Level 1.3 Dodging
 + Level 4.3 Shields


You had 3 spell levels left.
You didn't know any spells.

Dungeon Overview and Level Annotations

Branches:
Dungeon (3/15)

Altars:
Fedhas
Okawaru
Trog
Yredelemnul

Annotations:
D:3 exclusion: 2 oklob plants


Innate Abilities, Weirdness & Mutations

You reflexively headbutt those who attack you in melee.
You have a pair of horns on your head.


Message History

Plants grow around you in an ominous manner.
Marking area around the oklob plant as unsafe for travelling. x2
A wandering mushroom and 2 oklob plants come into view.
You hit the wandering mushroom.
The wandering mushroom is lightly damaged.
You hit the oklob plant.
The oklob plant is lightly damaged.
The wandering mushroom releases spores at you.
You are engulfed in a cloud of spores!
You are confused.
The oklob plant spits acid at you. The splash of acid hits you!
The acid burns!
* * * LOW HITPOINT WARNING * * *
You hit the oklob plant but do no damage.
The oklob plant is lightly damaged.
The wandering mushroom releases spores at you but does no damage.
The oklob plant spits acid at you. The splash of acid hits you!
The acid burns!
Ouch! That really hurt!
You die...

### .. #####
#.####...#
#........#
#..# #...#
#$.####.#####
#fPP........#
##@####.###.#
#%# #.# #.#
#.# #.###.#
#.# #.....#
#.# #####.#
#.# #.# #.#
#.# #.# #.#
#.# #.#


You could see 2 oklob plants and a wandering mushroom.

Vanquished Creatures
  A gnoll (D:3)
  2 adders
  A giant gecko (D:1)
  3 giant cockroaches
  6 goblins
  6 hobgoblins
  3 jackals (D:1)
  7 kobolds
  2 quokkas (D:2)
  A ball python (D:3)
  4 bats
  6 giant newts
  8 rats
50 creatures vanquished.

Notes
Turn   | Place    | Note
--------------------------------------------------------------
     0 | D:1      | eMajole, the Minotaur Fighter, began the quest for the Orb.
     0 | D:1      | Reached XP level 1. HP: 19/19 MP: 1/1
   389 | D:1      | Reached XP level 2. HP: 21/27 MP: 1/1
   402 | D:1      | Reached skill level 4 in Fighting
  1307 | D:2      | Reached XP level 3. HP: 31/33 MP: 2/2
  1509 | D:2      | Found a blossoming altar of Fedhas.
  1529 | D:2      | Became a worshipper of Fedhas Madash
  1584 | D:2      | Found a basalt altar of Yredelemnul.
  1708 | D:3      | Reached skill level 1 in Dodging
  1786 | D:3      | Reached XP level 4. HP: 41/41 MP: 2/2
  1791 | D:3      | Found a bloodstained altar of Trog.
  1792 | D:3      | Found an iron altar of Okawaru.
  1807 | D:3      | Fell from the grace of Fedhas
  1832 | D:3      | Noticed an oklob plant
  1832 | D:3      | Noticed a wandering mushroom
  1832 | D:3      | Noticed an oklob plant
  1834 | D:3      | Splashed by an oklob plant's acid

Action                   |  1- 3 |  4- 6 || total
-------------------------+-------+-------++-------
Melee: Flail             |   116 |     7 ||   123
Invok: Renounce Religion |       |     1 ||     1
